[Event "Titled Tuesday Blitz May 16 Late 2023"]
[White "Romkachess"]
[Black "Bitoon, Richard"]
[BlackFideId "5201110"]
[WhiteElo "2576"]
[BlackElo "2374"]
[Result "0-1"]
[Round "08"]
[TimeControl "180+2"]
[Date "2023.05.16"]
[WhiteClock "0:00:01"]
[BlackClock "0:00:05"]

1. e4 e5 2. Nf3 Nc6 3. Bc4 Nf6 4. d4 exd4 5. O-O Nxe4 6. Re1 d5 7. Bxd5 Qxd5 8. Nc3 Qh5 9. Nxe4 Be6 10. Neg5 O-O-O 11. Nxe6 fxe6 12. Rxe6 Bd6 13. h3 Ne5 14. Bd2 Nxf3+ 15. Qxf3 Qxf3 16. gxf3 Rhf8 17. Kg2 Rf7 18. Rae1 Kd7 19. R6e4 Rdf8 20. Rxd4 Rxf3 21. Be3 R3f6 22. c4 Rg6+ 23. Kf1 Kc8 24. Rg4 Rff6 25. Rd1 Bf8 26. Re4 Re6 27. Bg5 Bd6 28. Rxe6 Rxe6 29. Be3 b6 30. Rd5 Be5 31. b3 c6 32. Rd3 Kc7 33. Kg2 Rg6+ 34. Kf1 Bd6 35. Bd4 Rg5 36. Be3 Rh5 37. Kg2 g6 38. Rd4 Rf5 39. Re4 Kd7 40. Rd4 Ke6 41. Rd3 h5 42. Bd4 b5 43. cxb5 Rxb5 44. Bxa7 Ra5 45. Be3 Rxa2 46. Rc3 Kd5 47. Rd3+ Ke6 48. Rc3 Ra6 49. Rc4 Be5 50. Re4 Kd5 51. Kf3 Ra3 52. Rb4 Bd6 53. Rb7 Ra1 54. Rg7 Rg1 55. Ke2 Be5 56. Rd7+ Ke6 57. Rd8 Rb1 58. Re8+ Kd5 59. Rd8+ Ke6 60. Re8+ Kf6 61. f4 Bd6 62. Kf3 Rxb3 63. Ke4 Rb4+ 64. Bd4+ Kf7 65. Kd3 Kxe8 0-1


[Site "https://www.chess.com"]

[Event "Titled Tuesday Blitz May 16 Late 2023"]
[White "Grinev, Valeriy"]
[Black "Vakhlamov, Igor L."]
[WhiteFideId "14117517"]
[BlackFideId "24126748"]
[WhiteElo "2366"]
[BlackElo "2407"]
[Result "1-0"]
[Round "08"]
[TimeControl "180+2"]
[Date "2023.05.16"]
[WhiteClock "0:00:17"]
[BlackClock "0:00:00"]

1. d4 d5 2. c4 e6 3. Nc3 c5 4. cxd5 cxd4 5. Qa4+ Bd7 6. Qxd4 exd5 7. Qxd5 Nf6 8. Qd1 Bc5 9. Nf3 O-O 10. e3 Qe7 11. Be2 Rd8 12. O-O Nc6 13. a3 Ne5 14. Nxe5 Qxe5 15. Qc2 Rac8 16. Rd1 b5 17. Bd2 Bf5 18. Qb3 a6 19. Rac1 h5 20. Be1 Be6 21. Qc2 Bf5 22. Qb3 h4 23. Rxd8+ Rxd8 24. Rd1 Re8 25. Nd5 Ne4 26. Bb4 Ba7 27. Bf3 h3 28. g3 Be6 29. Qd3 Ng5 30. Bh1 Qxb2 31. Ne7+ Kh8 32. Bc3 Qb3 33. Nf5 Bxf5 34. Bxg7+ Kxg7 35. Qxb3 Rc8 36. Qb2+ Kg6 37. Qe5 Bg4 38. f3 Bxf3 39. Rd6+ Kh7 40. Qf5+ Kg7 41. Qxg5+ 1-0


[Site "https://www.chess.com"]

[Event "Titled Tuesday Blitz May 16 Late 2023"]
[White "Schnaider, Ilan"]
[Black "Riehle, Marco"]
[WhiteFideId "169013"]
[BlackFideId "12904392"]
[WhiteElo "2224"]
[BlackElo "2462"]
[Result "0-1"]
[Round "08"]
[TimeControl "180+2"]
[Date "2023.05.16"]
[WhiteClock "0:00:02"]
[BlackClock "0:00:16"]

1. e4 e5 2. Nf3 Nf6 3. d4 Nxe4 4. Bd3 Nc6 5. dxe5 Nc5 6. O-O d6 7. exd6 Bxd6 8. Re1+ Be6 9. Nc3 O-O 10. Ng5 h6 11. Nxe6 Nxe6 12. Ne4 Re8 13. Be3 Ne5 14. Nxd6 Qxd6 15. Be4 Qb4 16. Bf5 Rad8 17. Qe2 Nf4 18. Qf1 Nd5 19. Rab1 Nc4 20. c3 Ncxe3 21. cxb4 Nxf1 22. Kxf1 Nxb4 23. a3 Nd5 24. Be4 Kf8 25. Rbc1 c6 26. Bf3 Nb6 27. g3 Rxe1+ 28. Kxe1 Na8 29. b4 Nc7 30. Be2 Ne6 31. Bc4 Nd4 32. f4 f6 33. Kf2 g5 34. Ke3 Ke7 35. a4 b6 36. fxg5 fxg5 37. a5 b5 38. Bd3 a6 39. Rc5 Ke6 40. Be4 Rd6 41. g4 Kd7 42. h3 Ke6 43. Bd3 Nb3 44. Bf5+ Kf6 45. Rc3 Nd4 46. Be4 Ke7 47. Rc5 Kd8 48. Rc3 Kc7 49. Rc5 Ne6 50. Re5 Kd7 51. Rf5 Ke7 52. Re5 Kf6 53. Rf5+ Kg7 54. Re5 Nf4 55. Re7+ Kf6 56. Rh7 Ke5 57. Re7+ Ne6 58. Bf5 Kf6 59. Rh7 Nf4 60. Rxh6+ Ke5 61. Rh7 Rd1 62. Re7+ Kf6 63. Rc7 Rc1 64. Be4 Rc3+ 65. Kd2 Rxh3 66. Rxc6+ Ke5 67. Bf5 Nd5 68. Rxa6 Rh2+ 69. Kc1 Nxb4 70. Rb6 Na2+ 71. Kd1 Nc3+ 72. Ke1 Re2+ 73. Kf1 Ra2 74. a6 Kf4 75. Bc8 Kf3 76. Bb7+ Kxg4 77. Rc6 b4 78. Rc4+ Kg3 79. Rxb4 Ra1+ 80. Rb1 Rxb1# 0-1


[Site "https://www.chess.com"]

[Event "Titled Tuesday Blitz May 16 Late 2023"]
[White "Perske, Thore"]
[Black "Simonian, Hrair"]
[WhiteFideId "12902195"]
[BlackFideId "13302337"]
[WhiteElo "2336"]
[BlackElo "2447"]
[Result "1-0"]
[Round "08"]
[TimeControl "180+2"]
[Date "2023.05.16"]
[WhiteClock "0:00:03"]
[BlackClock "0:00:02"]

1. d4 Nf6 2. g3 e6 3. Bg2 d6 4. e4 Be7 5. Ne2 Nc6 6. O-O O-O 7. Nbc3 Bd7 8. h3 e5 9. Be3 exd4 10. Nxd4 Nxd4 11. Qxd4 Re8 12. Rad1 Bf8 13. Bg5 c6 14. Rfe1 h6 15. Bf4 Re6 16. Qb4 b5 17. Bxd6 a5 18. Qc5 Bxd6 19. Rxd6 Qf8 20. e5 Ne8 21. Red1 Nxd6 22. exd6 Rae8 23. Kh2 Rc8 24. a4 b4 25. Ne4 Qd8 26. Qd4 h5 27. Nc5 Rg6 28. Re1 h4 29. Re7 hxg3+ 30. fxg3 Bf5 31. Nb7 Qf8 32. c4 bxc3 33. bxc3 Be6 34. Nxa5 Rd8 35. c4 Bf5 36. c5 Rh6 37. Nxc6 Rc8 38. Ne5 Be6 39. c6 Qd8 40. c7 Qf8 41. a5 Rh5 42. a6 f6 43. Rxe6 fxe5 44. Rxe5 Rxe5 45. Qxe5 Re8 46. Bd5+ Kh8 47. Qh5# 1-0


[Site "https://www.chess.com"]

[Event "Titled Tuesday Blitz May 16 Late 2023"]
[White "Iliaguev, Nisim"]
[Black "Petrovic, Aleksa"]
[WhiteFideId "2817276"]
[BlackFideId "967629"]
[WhiteElo "2241"]
[BlackElo "2309"]
[Result "1-0"]
[Round "08"]
[TimeControl "180+2"]
[Date "2023.05.16"]
[WhiteClock "0:01:55"]
[BlackClock "0:00:02"]

1. d4 d5 2. Nf3 Nf6 3. g3 c6 4. Bg2 Bg4 5. O-O e6 6. c4 Be7 7. Ne5 Bf5 8. Nc3 O-O 9. Qb3 Qb6 10. Qxb6 axb6 11. a3 Nbd7 12. Nxd7 Nxd7 13. e4 dxe4 14. Nxe4 Nf6 15. Nxf6+ Bxf6 16. Be3 Rfd8 17. Rfd1 Bc2 18. Rd2 Bb3 19. Rc1 Ra4 20. d5 Rxc4 21. Rxc4 Bxc4 22. Bxb6 Rxd5 23. Bxd5 cxd5 24. Bd4 e5 25. Bc5 Bd8 26. b3 Bxb3 27. Rb2 1-0


[Site "https://www.chess.com"]

[Event "Titled Tuesday Blitz May 16 Late 2023"]
[White "Camilla_Lee"]
[Black "Pasti, Aron"]
[BlackFideId "785857"]
[WhiteElo "2628"]
[BlackElo "2173"]
[Result "0-1"]
[Round "08"]
[TimeControl "180+2"]
[Date "2023.05.16"]
[WhiteClock "0:00:34"]
[BlackClock "0:00:22"]

1. e4 c5 2. Nf3 Nc6 3. Nc3 e6 4. d4 cxd4 5. Nxd4 Qc7 6. Ndb5 Qb8 7. Be3 a6 8. Bb6 axb5 9. Nxb5 Bb4+ 10. c3 Ba5 11. Nc7+ Qxc7 12. Bxc7 Bxc7 13. Bd3 g6 14. O-O Nf6 15. f4 d5 16. e5 Nd7 17. b4 f6 18. exf6 Nxf6 19. Qe2 Kf7 20. a4 h5 21. a5 Bd7 22. a6 bxa6 23. Rxa6 Rxa6 24. Bxa6 Ne4 25. Qc2 h4 26. Ra1 Ra8 27. Qb2 d4 28. Bd3 dxc3 29. Qc1 Bb6+ 30. Kf1 Nd2+ 31. Ke2 Nb3 32. Qxc3 Nxa1 33. b5 Nd4+ 34. Kd1 Nab3 35. Bb1 Rc8 36. Qb2 Rc1+ 37. Qxc1 Nxc1 38. Kxc1 Bxb5 39. Kd2 Bf1 40. g3 Nf3+ 41. Kd1 h3 0-1


[Site "https://www.chess.com"]

[Event "Titled Tuesday Blitz May 16 Late 2023"]
[White "ProphetReborn"]
[Black "Karttunen, Mika"]
[BlackFideId "502081"]
[WhiteElo "2853"]
[BlackElo "2396"]
[Result "1-0"]
[Round "08"]
[TimeControl "180+2"]
[Date "2023.05.16"]
[WhiteClock "0:02:01"]
[BlackClock "0:00:22"]

1. d4 Nf6 2. c4 e6 3. Nf3 d5 4. Nc3 Bb4 5. Bg5 h6 6. Bxf6 Qxf6 7. Qa4+ Nc6 8. e3 O-O 9. cxd5 exd5 10. Be2 a5 11. O-O Ne7 12. a3 Bd6 13. b4 c6 14. Qb3 b5 15. bxa5 Rxa5 16. e4 Qe6 17. exd5 Nxd5 18. Nxd5 Qxd5 19. Qc3 Bd7 20. Qxa5 Re8 21. Rfe1 Qh5 22. Ne5 Qh4 23. g3 Qxd4 24. Nxd7 1-0


[Site "https://www.chess.com"]

[Event "Titled Tuesday Blitz May 16 Late 2023"]
[White "Makridis, Dimitrios"]
[Black "Potapova, Margarita"]
[WhiteFideId "25864475"]
[BlackFideId "14126869"]
[WhiteElo "2277"]
[BlackElo "2244"]
[Result "1-0"]
[Round "08"]
[TimeControl "180+2"]
[Date "2023.05.16"]
[WhiteClock "0:01:37"]
[BlackClock "0:00:00"]

1. d4 Nf6 2. Nf3 d5 3. g3 c5 4. dxc5 Nc6 5. Bg2 e5 6. c4 d4 7. e3 Bxc5 8. exd4 exd4 9. O-O O-O 10. b3 Bf5 11. Bb2 d3 12. Nbd2 Re8 13. Nh4 Bg4 14. Bf3 Re2 15. Bxf6 Qxf6 16. Bxg4 Rae8 17. Bf3 Nd4 18. Bd5 Rxf2 19. Rxf2 Nc2 20. Ne4 Bxf2+ 21. Nxf2 Nxa1 22. Qxd3 g6 23. Qf3 Qe7 24. Kg2 Nc2 25. Qc3 Ne1+ 26. Kg1 b6 27. Ne4 1-0


[Site "https://www.chess.com"]

[Event "Titled Tuesday Blitz May 16 Late 2023"]
[White "Tristan, Leonardo"]
[Black "Loiacono, Antonio"]
[WhiteFideId "113816"]
[BlackFideId "895415"]
[WhiteElo "2461"]
[BlackElo "2257"]
[Result "1-0"]
[Round "08"]
[TimeControl "180+2"]
[Date "2023.05.16"]
[WhiteClock "0:00:17"]
[BlackClock "0:01:44"]

1. d4 Nf6 2. Nf3 c5 3. c3 Nc6 4. Bf4 e6 5. e3 d5 6. Nbd2 b6 7. Bb5 Bd7 8. Ba6 Bc8 9. Bb5 Bd7 10. Qa4 Nb8 11. Bxb8 Qxb8 12. Bc6 Qc8 13. Bxd7+ Qxd7 14. Qxd7+ Nxd7 15. e4 cxd4 16. Nxd4 dxe4 17. Nxe4 Nc5 18. Nxc5 Bxc5 19. O-O-O O-O-O 20. Nc6 Rd7 21. Rxd7 Kxd7 22. Nxa7 Bxf2 23. Rd1+ Kc7 24. Nb5+ Kc6 25. Na7+ Kc7 26. Nb5+ Kc6 27. a4 e5 28. Rd6+ Kc5 29. b4+ Kc4 30. Kc2 Bc5 31. Na3# 1-0


[Site "https://www.chess.com"]

[Event "Titled Tuesday Blitz May 16 Late 2023"]
[White "D`Arruda, Ricardo D."]
[Black "Karimov, Alisher"]
[WhiteFideId "100692"]
[BlackFideId "14700280"]
[WhiteElo "2439"]
[BlackElo "2186"]
[Result "1-0"]
[Round "08"]
[TimeControl "180+2"]
[Date "2023.05.16"]
[WhiteClock "0:00:24"]
[BlackClock "0:00:00"]

1. Nf3 f5 2. d3 Nf6 3. Nc3 d5 4. g3 c5 5. Bg2 Nc6 6. O-O d4 7. Nb1 e5 8. e3 e4 9. Nh4 g5 10. dxe4 gxh4 11. exd4 fxe4 12. Bg5 Be7 13. Nc3 O-O 14. d5 Nd4 15. Bxh4 Bg4 16. Qd2 Nf3+ 17. Bxf3 Bxf3 18. Qh6 Ng4 19. Qe6+ Rf7 20. Nxe4 Bxh4 21. Nd6 Qf6 22. Qxf7+ Qxf7 23. Nxf7 Kxf7 24. gxh4 Bxd5 25. f3 Ne5 26. f4 Rg8+ 27. Kf2 Rg2+ 28. Ke3 Nc4+ 29. Kd3 Rd2+ 30. Kc3 b5 31. a3 a5 32. b4 cxb4+ 33. axb4 a4 34. Rad1 Rxd1 35. Rxd1 Nb6 36. Kd4 Bc4 37. Kc5 Nc8 38. Rd7+ Ne7 39. Ra7 Kf6 40. h5 h6 41. Ra6+ Kf5 42. Rxh6 Kxf4 43. Ra6 Nf5 44. h6 Bg8 45. Kxb5 a3 46. Rxa3 Nxh6 47. Kb6 Nf5 48. Kc5 Ne3 49. Rxe3 Kxe3 50. b5 Bh7 51. c4 Be4 52. Kd6 Bd3 53. b6 Bxc4 54. b7 Kf4 55. b8=Q 1-0


[Site "https://www.chess.com"]

[Event "Titled Tuesday Blitz May 16 Late 2023"]
[White "Guerra Tulcan, Lenin"]
[Black "Ivanisevic, Ivan"]
[WhiteFideId "3601382"]
[BlackFideId "912417"]
[WhiteElo "2368"]
[BlackElo "2592"]
[Result "0-1"]
[Round "08"]
[TimeControl "180+2"]
[Date "2023.05.16"]
[WhiteClock "0:00:01"]
[BlackClock "0:00:36"]

1. e4 c5 2. Nf3 e6 3. c4 Nc6 4. d4 cxd4 5. Nxd4 Nf6 6. Nxc6 bxc6 7. Bd3 e5 8. O-O Bc5 9. Nd2 d6 10. b3 Bg4 11. Be2 Be6 12. Bb2 O-O 13. Kh1 h6 14. f4 exf4 15. Rxf4 Nd7 16. Nf1 Ne5 17. Qd2 Qg5 18. Rd1 a5 19. Ng3 a4 20. Bc3 axb3 21. axb3 Rfb8 22. b4 Bxb4 23. Bxb4 Rxb4 24. Qxb4 Qxf4 25. Qxd6 Qg5 26. c5 Ra2 27. Bf1 Kh7 28. Qd4 Ng4 29. Kg1 h5 30. Nf5 h4 31. h3 Bxf5 32. exf5 Nf2 33. Rd2 Rxd2 0-1


[Site "https://www.chess.com"]

[Event "Titled Tuesday Blitz May 16 Late 2023"]
[White "Musovic, Armin"]
[Black "Wagner, Dennis"]
[WhiteFideId "939935"]
[BlackFideId "24650684"]
[WhiteElo "2322"]
[BlackElo "2478"]
[Result "0-1"]
[Round "08"]
[TimeControl "180+2"]
[Date "2023.05.16"]
[WhiteClock "0:00:08"]
[BlackClock "0:00:09"]

1. a3 Nf6 2. Nf3 g6 3. Nc3 Bg7 4. e4 c5 5. Bc4 Nc6 6. d3 O-O 7. O-O d6 8. h3 a6 9. Ba2 b5 10. Bg5 h6 11. Bh4 Bb7 12. Re1 Kh7 13. a4 b4 14. Ne2 e6 15. Rc1 g5 16. Bg3 Nh5 17. Bh2 Bxb2 18. Rb1 Bg7 19. d4 cxd4 20. Nexd4 Nf4 21. c3 a5 22. Nb5 bxc3 23. Nxd6 Nb4 24. Bxf4 c2 25. Nxg5+ Qxg5 26. Bxg5 cxd1=Q 27. Rexd1 hxg5 28. Bc4 Bc6 29. Bb5 Bxb5 30. axb5 Be5 31. Nc4 Bf6 32. g3 Rfb8 33. Nd6 Be7 34. Nxf7 Ra7 35. Ne5 Rxb5 36. Nc6 Rab7 37. Nd8 Bxd8 38. Rxd8 a4 39. Rdd1 a3 40. Ra1 a2 41. Kg2 Ra7 42. Rd2 Rc5 43. Rb2 Ra4 44. h4 Rc2 45. Rxc2 Nxc2 46. Rxa2 Rxa2 47. hxg5 Nd4 48. Kh3 e5 49. f4 Kg6 50. Kg4 exf4 51. gxf4 Rg2+ 52. Kh3 Rg1 53. Kh4 Nf3+ 54. Kh3 Kh5 55. g6 Kxg6 56. e5 Kf5 57. e6 Kxf4 0-1


[Site "https://www.chess.com"]

[Event "Titled Tuesday Blitz May 16 Late 2023"]
[White "Bryakin, Mikhail"]
[Black "Golubev, Mikhail"]
[WhiteFideId "4165314"]
[BlackFideId "14100983"]
[WhiteElo "2467"]
[BlackElo "2374"]
[Result "1-0"]
[Round "08"]
[TimeControl "180+2"]
[Date "2023.05.16"]
[WhiteClock "0:00:28"]
[BlackClock "0:00:07"]

1. e4 c5 2. Ne2 Nf6 3. Nbc3 d6 4. g3 g6 5. Bg2 Nc6 6. O-O Bg7 7. d3 O-O 8. h3 Rb8 9. Be3 b5 10. Qd2 b4 11. Nd1 a5 12. f4 a4 13. Rb1 Bd7 14. Nf2 a3 15. b3 e5 16. f5 gxf5 17. exf5 Nd4 18. g4 d5 19. Nxd4 cxd4 20. Bg5 Bc6 21. Rbe1 Re8 22. Re2 Qd6 23. Rfe1 Re7 24. Bh4 h6 25. g5 hxg5 26. Qxg5 Rbe8 27. Ng4 Nxg4 28. hxg4 f6 29. Qg6 Rf8 30. g5 Be8 31. gxf6 Rxf6 32. Qg4 Bf7 33. Bf3 Rh6 34. Bxe7 Qxe7 35. Rxe5 Qd8 36. Re7 Kf8 37. Qg5 Qd6 38. R1e2 Rf6 39. Bh5 Bh6 40. Re8+ 1-0


[Site "https://www.chess.com"]

[Event "Titled Tuesday Blitz May 16 Late 2023"]
[White "WindWhistler11"]
[Black "Goltsev, Dmitry"]
[BlackFideId "24176710"]
[WhiteElo "2524"]
[BlackElo "2356"]
[Result "0-1"]
[Round "08"]
[TimeControl "180+2"]
[Date "2023.05.16"]
[WhiteClock "0:00:52"]
[BlackClock "0:00:05"]

1. Nf3 d6 2. g3 e5 3. Bg2 Nf6 4. c4 c5 5. Nc3 Nc6 6. a3 Nd4 7. b4 Bf5 8. d3 Nd7 9. Nh4 Be6 10. Bxb7 Rb8 11. Bg2 Be7 12. Nf3 h5 13. h4 f6 14. b5 Nf8 15. a4 g5 16. a5 Ng6 17. Ne4 Nxf3+ 18. Bxf3 gxh4 19. gxh4 f5 20. Ng5 Bd7 21. Bxh5 Rxh5 22. e4 Rh8 23. exf5 Bxf5 24. Qf3 Qd7 25. b6 a6 26. Qd5 Bxg5 27. Bxg5 Be6 28. Qe4 Bf5 29. Qd4 exd4 30. Kd1 Bxd3 31. Kd2 Qf5 32. Rae1+ Kf7 33. Rh2 Rbe8 34. f4 Rxe1 35. Kxe1 Re8+ 36. Kd1 Nxf4 37. Rf2 Re4 38. Kc1 Bxc4 39. Kb2 Nd3+ 40. Ka3 Qxf2 41. Bd2 Qxd2 42. b7 Qa2# 0-1


[Site "https://www.chess.com"]

[Event "Titled Tuesday Blitz May 16 Late 2023"]
[White "Sun, Rick"]
[Black "Bilan, Danila"]
[WhiteFideId "30909481"]
[BlackFideId "24161918"]
[WhiteElo "2169"]
[BlackElo "2182"]
[Result "1-0"]
[Round "08"]
[TimeControl "180+2"]
[Date "2023.05.16"]
[WhiteClock "0:00:18"]
[BlackClock "0:00:03"]

1. d4 d5 2. Nc3 Nf6 3. Bf4 c6 4. e3 Bf5 5. f3 h6 6. g4 Bh7 7. Bd3 Bxd3 8. Qxd3 e6 9. Nge2 Bd6 10. h4 Qc7 11. O-O-O Nbd7 12. g5 Nh5 13. Bxd6 Qxd6 14. g6 f5 15. e4 Nf4 16. Qe3 Nxe2+ 17. Nxe2 O-O 18. e5 Qe7 19. Nf4 b5 20. Kb1 a5 21. Rd3 Rfc8 22. Rc1 c5 23. c3 c4 24. Rd2 b4 25. Ka1 Rcb8 26. Qe2 Rb6 27. Ng2 Rab8 28. Ne3 Rb5 29. f4 Nb6 30. Qd1 a4 31. Nc2 a3 32. Nxb4 axb2+ 33. Rxb2 Ra8 34. Qd2 Qd7 35. Rcb1 Na4 36. Rc1 Nxb2 37. Qxb2 Rba5 38. Kb1 Qe8 39. h5 Qa4 40. Qc2 Qb5 41. Qb2 Ra3 42. Kc2 R3a5 43. Rb1 Qa4+ 44. Kd2 Qd7 45. Kc2 Qb5 46. Kd2 Qd7 47. Kc2 Qa4+ 48. Kc1 Qe8 49. Qc2 Ra3 50. Kd2 Qd7 51. Rb2 Qc7 52. Qc1 Qa5 53. Qb1 Qc7 54. Nc2 R3a7 55. Rb6 Re8 56. a3 Qe7 57. Qb4 Qh4 58. Rxe6 Qxf4+ 59. Ne3 Rea8 60. Rb6 Qf2+ 61. Kd1 Qg1+ 62. Ke2 Qh2+ 63. Kf3 Qxh5+ 64. Kf2 Rf8 65. Rb8 Ra8 66. Qxf8# 1-0


[Site "https://www.chess.com"]

[Event "Titled Tuesday Blitz May 16 Late 2023"]
[White "Chen, Ryo"]
[Black "Deviprasath, Sharvesh"]
[WhiteFideId "7003072"]
[BlackFideId "30938228"]
[WhiteElo "2169"]
[BlackElo "2168"]
[Result "0-1"]
[Round "08"]
[TimeControl "180+2"]
[Date "2023.05.16"]
[WhiteClock "0:00:43"]
[BlackClock "0:01:14"]

1. e4 c5 2. Nf3 e6 3. d4 cxd4 4. Nxd4 a6 5. Nc3 b5 6. Bd3 Bb7 7. O-O Nc6 8. Nxc6 Bxc6 9. Re1 d6 10. a4 b4 11. Nd5 a5 12. Be3 Rb8 13. Bd4 Nf6 14. Nxf6+ gxf6 15. c3 e5 16. Be3 bxc3 17. bxc3 Bg7 18. Qg4 Rg8 19. Bc4 Qd7 20. Qh4 h6 21. g3 Rc8 22. Bb5 f5 23. Bxc6 Rxc6 24. exf5 Qxf5 25. c4 Bf6 0-1


[Site "https://www.chess.com"]

[Event "Titled Tuesday Blitz May 16 Late 2023"]
[White "Martic, Ivan"]
[Black "Gritsenko, Nikolai"]
[WhiteFideId "929301"]
[BlackFideId "14112493"]
[WhiteElo "2360"]
[BlackElo "2389"]
[Result "1/2-1/2"]
[Round "08"]
[TimeControl "180+2"]
[Date "2023.05.16"]
[WhiteClock "0:00:17"]
[BlackClock "0:00:09"]

1. e4 d6 2. d4 Nf6 3. Nc3 g6 4. Nf3 Bg7 5. Be2 O-O 6. O-O e6 7. Re1 b6 8. a4 a6 9. h3 Bb7 10. Bf1 Nc6 11. Bg5 h6 12. Be3 Ne7 13. e5 Nfd5 14. Bd2 dxe5 15. Nxe5 c5 16. dxc5 bxc5 17. Nc4 Qc7 18. Ne4 a5 19. Ned6 Nb4 20. c3 Nbd5 21. Qc1 Kh7 22. Nxb7 Qxb7 23. Ne5 Nc6 24. Nxc6 Qxc6 25. Bb5 Qb7 26. Qc2 Rab8 27. Rab1 Rfc8 28. h4 h5 29. g3 Nc7 30. Bd3 Qc6 31. Bf4 c4 32. Be4 Qc5 33. Rbd1 Rd8 34. Bg5 Rxd1 35. Rxd1 Nd5 36. Qe2 Kg8 37. Bg2 Qc6 38. Qc2 Rb3 39. Kh2 Qxa4 40. Bxd5 exd5 41. Rxd5 Qa2 42. Bc1 Rxc3 43. Rd8+ Kh7 44. Qe2 Rxc1 45. Qe8 Qxb2 46. Qxf7 Rc2 47. Kg2 a4 48. Rd6 Rxf2+ 49. Qxf2 Qxf2+ 50. Kxf2 a3 51. Ra6 Bb2 52. Ke2 c3 53. Kd3 Kg7 54. Kc2 Kf7 55. Kb3 Kg7 56. Rc6 Kf7 57. Ra6 c2 58. Kxc2 Kg7 59. Kb3 Be5 60. Kxa3 Bxg3 61. Ra4 Kf6 62. Kb3 Kf5 63. Kc2 Bf4 64. Kd3 Kg4 65. Ke2 Kg3 66. Rc4 Kg4 67. Kf2 Kf5 68. Kf3 Be5 69. Rc5 Ke6 70. Ke4 Bf6 71. Rc6+ Kf7 72. Rc7+ Ke6 73. Rc6+ Ke7 74. Kf3 Kf7 75. Kg3 Kg7 76. Rc7+ Kf8 77. Rd7 Kg8 78. Rb7 Kf8 79. Kh3 Kg8 80. Rb8+ Kf7 81. Rb7+ Kf8 82. Rb6 Kf7 83. Rb7+ Kf8 84. Ra7 Kg8 85. Ra6 Kf7 86. Rc6 Ke7 87. Rc4 Kf7 88. Kg3 Kg7 89. Kf3 Kf7 90. Rc7+ Ke6 91. Rc4 Kf7 92. Kg3 Kg7 93. Kh3 Kf7 94. Ra4 Kg7 95. Kg3 Kf7 96. Kf3 Kg7 97. Ke3 Kf7 98. Kd3 Ke6 99. Ke3 Kf7 100. Kf3 Ke6 101. Kg2 Kf7 102. Kh3 Kg7 103. Ra7+ Kg8 104. Rb7 Kf8 1/2-1/2


[Site "https://www.chess.com"]

[Event "Titled Tuesday Blitz May 16 Late 2023"]
[White "Maltsevskaya, Aleksandra"]
[Black "Koutlas, Nikolaos"]
[WhiteFideId "24174041"]
[BlackFideId "25827138"]
[WhiteElo "2302"]
[BlackElo "2215"]
[Result "1-0"]
[Round "08"]
[TimeControl "180+2"]
[Date "2023.05.16"]
[WhiteClock "0:00:01"]
[BlackClock "0:00:00"]

1. Nf3 Nf6 2. g3 b6 3. Bg2 Bb7 4. O-O g6 5. d3 Bg7 6. Nbd2 O-O 7. e4 c5 8. a4 Nc6 9. Nc4 d5 10. exd5 Nxd5 11. a5 b5 12. a6 Bc8 13. Ne3 Ndb4 14. Ne1 Qd7 15. c3 Nxa6 16. Qf3 Nab8 17. N1c2 a6 18. d4 cxd4 19. cxd4 Bb7 20. Nd5 Qd8 21. Rd1 Ra7 22. Bf4 Na5 23. Qa3 Bxd5 24. Bxd5 Qxd5 25. Qxa5 Nc6 26. Qb6 Raa8 27. Ne3 Qf3 28. d5 Nb4 29. Qc5 a5 30. Qxe7 Bxb2 31. Rab1 Bg7 32. d6 Rfe8 33. Qg5 h6 34. Qxb5 Rab8 35. Qc4 Re4 36. Qf1 Rxf4 37. gxf4 Qxf4 38. d7 Rd8 39. Qg2 Be5 40. Rbc1 Kg7 41. Rc8 Qf6 42. Rxd8 Qxd8 43. Qe4 Bc7 44. Qc4 Kg8 45. Rc1 Qg5+ 46. Qg4 Qe5 47. d8=Q+ Bxd8 48. Rc8 Qe7 49. Qd4 Nc6 50. Rxc6 Qg5+ 51. Kf1 Kh7 52. Rc8 Qb5+ 53. Kg2 Qg5+ 54. Kf3 Qf5+ 55. Nxf5 1-0


[Site "https://www.chess.com"]

[Event "Titled Tuesday Blitz May 16 Late 2023"]
[White "Kaplan, Avi Harrison"]
[Black "Vlassov, Nikolai"]
[WhiteFideId "30934559"]
[BlackFideId "4103360"]
[WhiteElo "1983"]
[BlackElo "2324"]
[Result "0-1"]
[Round "08"]
[TimeControl "180+2"]
[Date "2023.05.16"]
[WhiteClock "0:00:01"]
[BlackClock "0:00:09"]

1. g3 h5 2. Bg2 h4 3. d4 d5 4. Bf4 h3 5. Bf3 f6 6. e4 Be6 7. exd5 Bxd5 8. Bh5+ Bf7 9. Bxf7+ Kxf7 10. Nf3 g5 11. Bxg5 fxg5 12. Nxg5+ Ke8 13. Qf3 Nf6 14. Qxb7 Nbd7 15. Ne6 Qb8 16. Qxa8 Qxa8 17. Nxc7+ Kd8 18. Nxa8 Kc8 19. Nc3 Kb7 20. Kd2 Kxa8 21. Rae1 Bh6+ 22. Kd3 e5 23. dxe5 Ng4 24. e6 Nc5+ 25. Kc4 Rc8 26. f3 Ne3+ 27. Rxe3 Bxe3 28. Re1 Bd2 29. Re2 Nxe6+ 30. Kd3 Rd8+ 31. Kc4 Rd4+ 32. Kb3 Nc5+ 33. Ka3 a5 34. Re8+ Kb7 35. Re7+ Kc6 36. b4 axb4+ 37. Kb2 Bxc3+ 38. Kc1 Na4 39. Re6+ Kd5 40. Re8 Bb2+ 41. Kb1 Rd1# 0-1


[Site "https://www.chess.com"]

[Event "Titled Tuesday Blitz May 16 Late 2023"]
[White "Mendez Fortes, Eduardo Jesus"]
[Black "Toniutti, Ezio"]
[WhiteFideId "3502376"]
[BlackFideId "113034"]
[WhiteElo "2307"]
[BlackElo "2215"]
[Result "1-0"]
[Round "08"]
[TimeControl "180+2"]
[Date "2023.05.16"]
[WhiteClock "0:01:35"]
[BlackClock "0:00:23"]

1. e4 e5 2. Nf3 Nc6 3. Bb5 a6 4. Ba4 d6 5. c3 f5 6. exf5 Bxf5 7. O-O Bd3 8. Re1 Be7 9. Bc2 Bxc2 10. Qxc2 Nf6 11. d4 e4 12. Ng5 d5 13. f3 h6 14. Nh3 O-O 15. Nd2 exf3 16. Nxf3 Ne4 17. Qb3 Na5 18. Qa4 Nc6 19. Qb3 Na5 20. Qc2 Nc6 21. Nf4 Qd6 22. Nd3 Rxf3 23. gxf3 Qg6+ 24. Qg2 Ng5 25. Bxg5 Bxg5 26. Ne5 Qf5 27. f4 Bxf4 28. Qxd5+ Kh7 29. Qe4 Qxe4 30. Rxe4 Bxe5 31. dxe5 Re8 32. e6 Re7 33. Rd1 Kg6 34. Rd7 Kf6 35. Kg2 Nb8 36. Rd8 Nc6 37. Rf8+ Kg6 38. Rg4+ Kh7 39. Rf7 Rxe6 40. Rgxg7+ Kh8 41. Rh7+ Kg8 42. Rfg7+ Kf8 43. Rxc7 Ne7 44. Rxb7 Ng6 1-0


[Site "https://www.chess.com"]

[Event "Titled Tuesday Blitz May 16 Late 2023"]
[White "Yeritsyan, Hayk"]
[Black "TimGrutter03"]
[WhiteFideId "13307320"]
[WhiteElo "2451"]
[BlackElo "2635"]
[Result "0-1"]
[Round "08"]
[TimeControl "180+2"]
[Date "2023.05.16"]
[WhiteClock "0:00:00"]
[BlackClock "0:00:13"]

1. d4 g6 2. Nf3 Bg7 3. Bf4 d6 4. h3 b6 5. e3 Bb7 6. c3 e6 7. Be2 Ne7 8. O-O O-O 9. Bh2 Nd7 10. Nbd2 a6 11. Rc1 b5 12. a4 bxa4 13. Qxa4 Nb6 14. Qc2 a5 15. Ra1 Qd7 16. b3 Rfc8 17. Qb2 c5 18. Rfb1 cxd4 19. cxd4 Ned5 20. Nc4 Nxc4 21. bxc4 Nb4 22. Rxa5 Rxa5 23. Qxb4 Bxf3 24. Bxf3 Ra4 25. Qxd6 Qxd6 26. Bxd6 Raxc4 27. g4 Rc1+ 28. Rxc1 Rxc1+ 29. Kg2 Bf8 30. Bxf8 Kxf8 31. g5 Ke7 32. h4 Kd6 33. Be4 e5 34. dxe5+ Kxe5 35. Ba8 Kf5 36. Bd5 Rc7 37. Kf3 f6 38. gxf6 Kxf6 39. Kg4 h5+ 40. Kf4 Rc1 41. Kg3 Rg1+ 42. Kh2 Rg4 43. Kh3 Ke5 44. Ba8 Ra4 45. f4+ Kf5 46. Bc6 Ra3 47. Bd7+ Kf6 48. Kg3 Rxe3+ 49. Kg2 Ra3 50. Bc8 Rd3 51. Bh3 Rxh3 52. Kxh3 Kf5 53. Kg3 Ke4 54. f5 gxf5 55. Kf2 Kf4 56. Kg2 Kg4 57. Kh2 Kxh4 58. Kg2 Kg4 0-1


[Site "https://www.chess.com"]